 Dungeon Crawl Stone Soup version 0.32-a0-306-gfed3edf829 (webtiles) character file.

Game seed: 41646365527984214

343 zeratav the Sneak (level 6, -1/45 HPs)
             Began as an Octopode Shapeshifter on Feb 15, 2024.
             Slain by Pikel
             ... wielding a +0 whip of flaming
              (3 damage)
             ... on level 4 of the Dungeon.
             The game lasted 00:05:45 (2904 turns).

zeratav the Sneak (Octopode Shapeshifter)           Turns: 2904, Time: 00:05:46

Health: -1/45      AC:  1    Str: 15    XL:     6   Next: 57%
Magic:  6/6        EV: 13    Int: 13    God:
Gold:   127        SH:  0    Dex: 11    Spells: 5/5 levels left

rFire   . .          .
                       - Unarmed
rCold   . . .        (no shield)
rNeg    . . .        (helmet currently unavailable)
rPois   .            (no amulet)
rElec   .            (no ring)
rCorr   .            (no ring)
SInv    .            (no ring)
Will    .....        (no ring)
Stlth   ++++         (no ring)
HPRegen 0.27/turn    (no ring)
MPRegen 0.10/turn    (no ring)
                     (no ring)

%: no passive effects
@: beast-form
A: beast (slay +1), almost no armour, amphibious, 8 rings, camouflage 1,
gelatinous body 1, (nimble swimmer 1), tentacles
a: Begin Untransformation


You were on level 4 of the Dungeon.
You were a hulking beast.
You visited 1 branch of the dungeon, and saw 4 of its levels.

You collected 262 gold pieces.
You spent 135 gold pieces at shops.


Innate Abilities, Weirdness & Mutations

You are a hulking beast.
Your limbs bulge with bestial killing power. (Slay +1)
You cannot wear most types of armour.
You are amphibious.
You can wear up to eight rings at the same time.
Your skin changes colour to match your surroundings (Stealth+).
Your rubbery body absorbs attacks. (AC +1, EV +1)
((You are camouflaged when in or above water. (Stealth+)))
You have tentacles for arms and can constrict up to eight enemies at once.


   Skills:
 - Level 5.0 Fighting
 - Level 2.0 Dodging
 - Level 5.0 Stealth
 - Level 3.0 Unarmed Combat
 + Level 3.4 Shapeshifting


You had 5 spell levels left.
You didn't know any spells.
Your spell library contained the following spells:

 Spells                   Type           Power      Damage    Failure   Level
 Apportation              Tloc           0%         N/A       30%         1
 Foxfire                  Conj/Fire      0%         2x1d4     30%         1
 Necrotise                Necr           0%         1d4       30%         1
 Slow                     Hex            0%         N/A       30%         1
 Sting                    Conj/Alch      0%         1d3       30%         1
 Summon Small Mammal      Summ           0%         N/A       30%         1
 Confusing Touch          Hex            0%         N/A       67%         3
 Dazzling Flash           Conj/Hex       0%         N/A       67%         3
 Mephitic Cloud           Conj/Alch/Air  0%         N/A       67%         3
 Sigil of Binding         Hex            0%         N/A       67%         3
 Vampiric Draining        Necr           0%         2d6       67%         3
 Curse of Agony           Necr           0%         N/A       100%        5
 Silence                  Hex/Air        0%         N/A       100%        5
 Plasma Beam              Fire/Air       0%         2x1d10    100%        6
 Starburst                Conj/Fire      0%         6d3       100%        6

Inventory:

Jewellery
 f - a ring of positive energy
   (You found it on level 1 of the Dungeon)
 o - an amulet of the acrobat
   (You found it on level 4 of the Dungeon)
Talismans
 b - a beast talisman (active)
 c - a flux talisman
Scrolls
 d - 5 scrolls of identify {@r1}
 e - a scroll of noise {!r}
 g - 2 scrolls of revelation
 k - a scroll of enchant armour
 l - a scroll of amnesia
 m - a scroll of fog
 n - a scroll of fear
Potions
 a - a potion of lignification {!q}
 h - 2 potions of mutation {unknown}
 i - a potion of magic
 j - a potion of cancellation {unknown}

Dungeon Overview and Level Annotations

Branches:
Dungeon (4/15) Zot: 21104
 Temple: D:4-7

Altars:
Dithmenos

Shops:
D:1 ?   D:2 *=!

Annotations:
D:4 exclusion: black bear, Pikel

#....#
#.###.....#.#######
#.#..# #.........#.#
#.############...#.#.#
#............5...#.#.#
##########..##...#.#.#
..5.......##[..#.#.#
#######...######.#5#
#....######.#.#
#..5hK......#.#
#..##########.#
#.....5.......#
#.############# #.#
#.# #.# #.# #.#


You could see Pikel and a lemure.


Message History

No target in view!
No target in view!
No target in view!
d - a scroll of identify {@r1} A black bear is nearby!
A black bear is nearby!
The black bear growls angrily.
You see here a +0 mace {mace}.
You see here a +0 mace {mace}.
A black bear is nearby!
The black bear growls angrily.
You see here a +0 mace {mace}.
There is an open door here.
There is a stone staircase leading down here.
o - an amulet of the acrobat A dart slug comes into view.
You completely miss the dart slug. You grab the dart slug.
You squeeze the dart slug!
You kill the dart slug!
No target in view!
No target in view!
d - 4 scrolls of identify {@r1} (gained 3) 2 lemures come into view.
The lemure shouts!
You tentacle-slap the lemure. Your grab misses the lemure.
Your squeeze misses the lemure. The lemure barely misses you.
You tentacle-slap the lemure. You grab the lemure. You constrict the lemure.
The lemure hits you.
HP[-1]
You take 1 damage, and now have 44/45 hp.
You tentacle-slap the lemure. You squeeze the lemure! You constrict the lemure.
You barely miss the lemure. You constrict the lemure. The lemure hits you.
HP[-5]
You take 5 damage, and now have 39/45 hp.
You tentacle-slap the lemure. You squeeze the lemure.
You kill the lemure!
That felt strangely unrewarding.
You start resting.
A lemure is nearby!
HP[+5]
You regained 5 hp, and now have 44/45 hp.
HP[+1]
Your hp is fully restored (45).
The lemure shouts!
You hear a shout!
Pikel, Merchant of Souls comes into view.
He is wielding a +0 whip of flaming.
You tentacle-slap the lemure. You grab the lemure.
You constrict the lemure, but do no damage.
You tentacle-slap the lemure. You squeeze the lemure! You constrict the lemure.
The lemure hits you but does no damage.
You tentacle-slap the lemure but do no damage.
You constrict the lemure, but do no damage.
The lemure barely misses you.
You tentacle-slap the lemure. You squeeze the lemure. You constrict the lemure.
The lemure barely misses you.
You tentacle-slap the lemure. x2; You constrict the lemure.
You kill the lemure!
That felt strangely unrewarding.
A lemure comes into view.
d - 5 scrolls of identify {@r1} (gained 1)
A lemure comes into view.
A lemure is nearby!
The lemure shouts!
You hear a shout! x2
You see here 7 gold pieces.
You see here 7 gold pieces.
You now have 127 gold pieces (gained 7).
Pikel shouts!
You tentacle-slap Pikel but do no damage.
Your grab misses Pikel. Pikel misses you.
You tentacle-slap Pikel. You grab Pikel. You constrict Pikel, but do no damage.
Pikel hits you with a +0 whip of flaming.
Pikel burns you.
HP[-8]
You take 8 damage, and now have 37/45 hp.
You tentacle-slap Pikel. You constrict Pikel, but do no damage.
Pikel says, "You'll feel the lick of my whip!"
Pikel completely misses you.
You tentacle-slap Pikel. You constrict Pikel.
Pikel hits you with a +0 whip of flaming.
Pikel burns you. The lemure closely misses you.
HP[-7]
You take 7 damage, and now have 30/45 hp.
You tentacle-slap Pikel. You constrict Pikel, but do no damage.
Pikel misses you. The lemure misses you.
You tentacle-slap Pikel. You constrict Pikel.
Pikel hits you with a +0 whip of flaming!
* * * LOW HITPOINT WARNING * * *
Pikel burns you.
* * * LOW HITPOINT WARNING * * *
The lemure hits you.
* * * LOW HITPOINT WARNING * * *
HP[-16]
You take 16 damage, and now have 14/45 hp.
MASSIVE DAMAGE!! (PAUSE)
You tentacle-slap Pikel but do no damage.
You squeeze Pikel. You constrict Pikel.
Pikel hits you with a +0 whip of flaming!
* * * LOW HITPOINT WARNING * * *
Pikel burns you.
You die...
Pikel says, "See you in Hell!"

Skill      XL: |  1  2  3  4  5  6 |
---------------+-------------------+-----
Stealth        | 2 3 5 |  5.0
Fighting       | 2 4 5 |  5.0
Dodging        | |  2.0
Unarmed Combat | |  3.0
Shapeshifting  | |  3.4

Action                     |  1- 3 |  4- 6 || total
---------------------------+-------+-------++-------
  Melee: Unarmed           |    51 |   129 ||   180
         Tentacles         |     8 |    24 ||    32
         Constrict         |    13 |    32 ||    45
         Punch             |     1 |     5 ||     6
    Use: Scroll            |       |     7 ||     7
   Stab: Sleeping          |    12 |     7 ||    19
 Armour: Skin              |    10 |    43 ||    53
  Dodge: Dodged            |    23 |    69 ||    92

Levels and vault maps discovered:
D:1:      psy_arrival_conway, layout_basic, serial_shops,
          nicolae_shop_just_a_little_nook, basic_ecumenical_altar,
          minmay_small_reverse_x
D:2:      layout_rooms, serial_shops, nicolae_shop_overgrown_old_shop,
          nicolae_shop_gaudy_bauble, shop
D:3:      layout_rooms
D:4:      layout_basic, mainiacjoe_overflow_chevrons, uniq_pikel

Notes
Turn   | Place    | Note
-------+----------+-------------------------------------------
     0 | D:1      | zeratav the Octopode Shapeshifter began the quest for the
                  | Orb.
     0 | D:1      | Reached XP level 1. HP: 13/13 MP: 1/1
     0 | D:1      | magus.rc [v1.9.6]
    42 | D:1      | Found Zess's Magic Scroll Shop.
    66 | D:1      | Reached skill level 1 in Stealth
    68 | D:1      | Reached skill level 2 in Stealth
   105 | D:1      | Reached XP level 2. HP: 18/18 MP: 2/2
   286 | D:1      | Reached skill level 3 in Stealth
   302 | D:1      | Reached XP level 3. HP: 16/23 MP: 3/3
   345 | D:1      | Reached skill level 4 in Stealth
   402 | D:1      | You pick up a book of the Senses and begin reading...
   402 | D:1      | You add the spells Dazzling Flash, Mephitic Cloud, Curse of
                  | Agony and Silence to your library.
   408 | D:1      | You pick up a book of Cantrips and begin reading...
   408 | D:1      | You add the spells Sting, Necrotise, Summon Small Mammal
                  | and Apportation to your library.
   434 | D:1      | Found a faded altar of an unknown god.
   705 | D:2      | You pick up a book of Debilitation and begin reading...
   705 | D:2      | You add the spells Slow, Sigil of Binding, Vampiric
                  | Draining and Confusing Touch to your library.
   749 | D:2      | Found Pyrolalu's Distillery.
   753 | D:2      | Reached skill level 5 in Stealth
   793 | D:2      | Reached XP level 4. HP: 28/28 MP: 4/4
   836 | D:2      | Reached skill level 2 in Fighting
   869 | D:2      | Found Conewuept's Assorted Antiques.
   968 | D:2      | Found Pysorac's Jewellery Shop.
   978 | D:2      | Reached XP level 5. HP: 29/36 MP: 5/5
  1059 | D:2      | Reached skill level 3 in Fighting
  1681 | D:3      | You pick up a book of Fire and begin reading...
  1681 | D:3      | You add the spells Foxfire, Plasma Beam and Starburst to
                  | your library.
  1735 | D:2      | Bought a scroll labelled YSACWE TELOYMO for 27 gold pieces
  1735 | D:2      | Bought a scroll labelled GYHANI XEICORI for 27 gold pieces
  1735 | D:2      | Bought a scroll labelled GYHANI XEICORI for 27 gold pieces
  1735 | D:2      | Bought a scroll labelled WOUNUST EVOXI for 27 gold pieces
  1735 | D:2      | Bought a scroll labelled UFEBYPT ZEELA for 27 gold pieces
  1927 | D:4      | Noticed a black bear
  1981 | D:4      | Reached skill level 4 in Fighting
  2013 | D:4      | Found a shadowy altar of Dithmenos.
  2034 | D:4      | Reached XP level 6. HP: 32/44 MP: 6/6
  2266 | D:4      | Reached skill level 5 in Fighting
  2758 | D:4      | Noticed Pikel
  2904 | D:4      | HP: 2/45 [Pikel/+0 whip of flaming (12)]
  2904 | D:4      | Slain by Pikel

Vanquished Creatures
  2 lemures (D:4)
  A scorpion (D:4)
  A bombardier beetle (D:2)
  A hound (D:4)
  A sleepcap (D:4)
  An orc wizard (D:3)
  2 adders
  A ribbon worm (D:3)
  4 dart slugs
  5 orcs
  9 endoplasms
  5 giant cockroaches
  11 goblins
  7 hobgoblins
  4 jackals (D:4)
  2 kobolds (D:1)
  4 quokkas
  5 ball pythons
  A bat (D:2)
  2 frilled lizards
  9 rats
78 creatures vanquished.

Table legend:
 A = Non-vault XP
 B = Vault XP
 C = Vault XP percentage of total XP
 D = Non-vault monster count
 E = Vault monster count
 F = Vault count percentage of total count
                 A         B        C        D         E       F
            +---------+---------+-------+---------+---------+-------
      Total |     481 |      10 |   2.0 |      72 |       4 |   5.3
            +---------+---------+-------+---------+---------+-------
        D:1 |      58 |      10 |  14.7 |      22 |       4 |  15.4
        D:2 |     104 |       0 |   0.0 |      16 |       0 |   0.0
        D:3 |      90 |       0 |   0.0 |      17 |       0 |   0.0
        D:4 |     229 |       0 |   0.0 |      17 |       0 |   0.0
            +---------+---------+-------+---------+---------+-------

Skill      XL: |  1  2  3  4  5  6 |
---------------+-------------------+-----
Stealth        | 2 3 5 |  5.0
Fighting       | 2 4 5 |  5.0
Dodging        | |  2.0
Unarmed Combat | |  3.0
Shapeshifting  | |  3.4

Action                     |  1- 3 |  4- 6 || total
---------------------------+-------+-------++-------
  Melee: Unarmed           |    51 |   129 ||   180
         Tentacles         |     8 |    24 ||    32
         Constrict         |    13 |    32 ||    45
         Punch             |     1 |     5 ||     6
    Use: Scroll            |       |     7 ||     7
   Stab: Sleeping          |    12 |     7 ||    19
 Armour: Skin              |    10 |    43 ||    53
  Dodge: Dodged            |    23 |    69 ||    92

Illustrated notes

Table legend:
 A = Kills in this place as a percentage of kills in the entire game.
 B = Kills by you in this place as a percentage of kills by you in the entire game.
 C = Kills by friends in this place as a percentage of kills by friends in the entire game.
 D = Other kills in this place as a percentage of other kills in the entire game.
 E = Experience gained in this place as a percentage of experience gained in the entire game.
 F = Experience gained in this place divided by the number of levels of this place that you have seen.
                   A       B       C       D       E      F
               +-------+-------+-------+-------+-------+----------------------
         Total | 100.0 | 100.0 |   N/A |   N/A | 100.0 | 122.8
       Dungeon | 100.0 | 100.0 |   N/A |   N/A | 100.0 | 122.8
               +-------+-------+-------+-------+-------+----------------------

Table legend: (Time is in decaauts)
 A = Elapsed time spent in this place.
 B = Non-inter-level travel time spent in this place.
 C = Inter-level travel time spent in this place.
 D = Time resting spent in this place.
 E = Time spent auto-exploring this place.
 F = Levels seen in this place.
 G = Mean time per level.
                   A        B        C        D        E       F      G
               +--------+--------+--------+--------+--------+-----+--------+
         Total |   2894 |   2721 |    173 |    143 |   1840 |   4 |  723.5 |
       Dungeon |   2894 |   2721 |    173 |    143 |   1840 |   4 |  723.5 |
               +--------+--------+--------+--------+--------+-----+--------+

Top non-repeatable levels by time:
     D:4: 1024 daAuts
     D:1: 700 daAuts
     D:3: 667 daAuts
     D:2: 502 daAuts
